 Dungeon Crawl Stone Soup version 0.29.1-15-g9cfb28693d (webtiles) character file.

Game seed: 11980166600894407239

200 BeingJoeMalik the Poker (level 5, -4/44 HPs)
             Began as a Naga Fighter on Mar 26, 2023.
             Slain by Duvessa
             ... wielding a +0 short sword
              (12 damage)
             ... on level 4 of the Dungeon.
             The game lasted 00:08:38 (3227 turns).

BeingJoeMalik the Poker (Naga Fighter)              Turns: 3227, Time: 00:08:39

Health: -4/44      AC:  5    Str: 18    XL:     5   Next: 78%
Magic:  5/5        EV:  7    Int:  7    God:
Gold:   78         SH:  5    Dex: 16    Spells: 4/4 levels left

rFire   . . .      SeeInvis +   a - +1 trident
rCold   . . .      Faith    .   c - +0 buckler
rNeg    . . .      Spirit   .   b - +0 scale mail
rPois   +          Reflect  .   (no helmet)
rElec   .          Harm     .   (no cloak)
rCorr   .          Rampage  .   (no gloves)
Will    .....      Rage     3%  (no barding)
Stlth   ..........              (no amulet)
HPRegen 0.14/turn               (no ring)
MPRegen 0.09/turn               (no ring)

@: mighty, very slow
A: AC +1, large, see invisible, deformed body, poison resistance, slowness 2,
spit poison 1, naga tail 1, agile 1, berserk 1, frail 1
a: Spit Poison


You were on level 4 of the Dungeon.
You visited 1 branch of the dungeon, and saw 4 of its levels.

You collected 208 gold pieces.
You spent 130 gold pieces at shops.

Inventory:

Hand Weapons
 a - a +1 trident (weapon)
 o - a +0 halberd
Armour
 b - a +0 scale mail (worn)
 c - a +0 buckler (worn)
 r - a +0 chain mail of fire resistance
Scrolls
 j - 3 scrolls of immolation
 k - a scroll of amnesia
Potions
 g - 2 potions of brilliance
 h - 2 potions of attraction
 n - a potion of resistance


   Skills:
 - Level 3.0 Fighting
 + Level 5.8 Polearms
 - Level 2.4 Armour
 - Level 2.6 Shields


You had 4 spell levels left.
You didn't know any spells.
Your spell library contained the following spells:

 Spells                   Type           Power      Damage    Failure   Level
 Confusing Touch          Hex            0%         N/A       99%         3
 Gell's Gravitas          Tloc           0%         N/A       99%         3
 Teleport Other           Tloc           0%         N/A       99%         3
 Yara's Violent Unravell  Hex/Tmut       0%         3d3       100%        5
 Dispersal                Tloc           0%         N/A       100%        6
 Enfeeble                 Hex            0%         N/A       100%        7


Dungeon Overview and Level Annotations

Branches:
Dungeon (4/15)
 Temple: D:4-7

Altars:
Gozag

Shops:
D:2 !

Annotations:
D:4 Duvessa


Innate Abilities, Weirdness & Mutations

Your serpentine skin is tough. (AC +1)
You have supernaturally acute eyesight. (SInv)
Armour fits poorly on your strangely shaped body.
Your system is resistant to poisons. (rPois)
You cover ground very slowly.
You can spit poison.
You have a snake-like lower body.
You are agile. (Dex +4, Str/Int -1)
You sometimes lose your temper in combat.
You are frail. (-10% HP)


Message History

You hit Duvessa.
Duvessa is moderately wounded.
Duvessa hits you with a +0 short sword! Duvessa hits you with a +0 short sword.
You puncture Duvessa!
Duvessa is moderately wounded.
Duvessa hits you with a +0 short sword!
* * * LOW HITPOINT WARNING * * *
You feel better. Duvessa barely misses you.
Duvessa hits you with a +0 short sword!
* * * LOW HITPOINT WARNING * * *
You feel better. Duvessa hits you with a +0 short sword!
* * * LOW HITPOINT WARNING * * *
You feel better. Duvessa completely misses you.
Duvessa hits you with a +0 short sword!
* * * LOW HITPOINT WARNING * * *
Okay, then.
You are confused.
You feel invigorated. Duvessa hits you with a +0 short sword!
* * * LOW HITPOINT WARNING * * *
Unknown command.
Duvessa closely misses you. Duvessa hits you but does no damage.
You bump into the rock wall.
Duvessa hits you with a +0 short sword.
* * * LOW HITPOINT WARNING * * *
Duvessa hits you with a +0 short sword.
* * * LOW HITPOINT WARNING * * *
Unknown command.
You puncture Duvessa!
Duvessa is heavily wounded.
Duvessa barely misses you.
Unknown command.
You bump into the rock wall.
You feel less invigorated.
You feel less confused. Duvessa hits you with a +0 short sword.
* * * LOW HITPOINT WARNING * * *
Duvessa barely misses you.
Unknown command.
You closely miss Duvessa.
Duvessa is heavily wounded.
Duvessa hits you with a +0 short sword!
You die...

.....#
..#..#####..##
......
#.#....##..##
.#....#
#..#.......# .
#....
#..##.....##
#.###...##
#..#...##
#.....##
##...## #@.##
#e## #.# #.# .
##.#
....##..##
.........##
...(####..##
..# ##..##


You could see Duvessa (berserk).

Vanquished Creatures
  Dowan (D:4)
  An orc wizard (D:3)
  4 gnolls
  2 adders (D:2)
  2 worms (D:2)
  3 orcs
  6 ball pythons
  6 bats
  8 endoplasms
  A giant cockroach (D:1)
  6 goblins
  4 hobgoblins
  3 jackals (D:1)
  3 quokkas
  2 frilled lizards
  7 kobolds
  4 rats
63 creatures vanquished.

Notes
Turn   | Place    | Note
-------+----------+-------------------------------------------
     0 | D:1      | BeingJoeMalik the Naga Fighter began the quest for the Orb.
     0 | D:1      | Reached XP level 1. HP: 21/21 MP: 1/1
    96 | D:1      | Reached XP level 2. HP: 28/28 MP: 2/2
   174 | D:1      | Reached skill level 3 in Polearms
   404 | D:1      | Reached XP level 3. HP: 23/34 MP: 3/3
   944 | D:2      | Found a faded altar of an unknown god.
   959 | D:2      | Reached skill level 4 in Polearms
  1155 | D:2      | Noticed a floating eye
  1157 | D:2      | Noticed a golden eye
  1157 | D:2      | Noticed a floating eye
  1157 | D:2      | Noticed a shining eye
  1221 | D:2      | Reached XP level 4. HP: 42/42 MP: 4/4
  1455 | D:2      | Found Ixki's Distillery.
  1515 | D:2      | Found an opulent altar of Gozag.
  2441 | D:3      | Reached skill level 5 in Polearms
  2452 | D:3      | Reached XP level 5. HP: 41/49 MP: 5/5
  2922 | D:4      | Noticed a black bear
  3106 | D:2      | Bought a potion of heal wounds for 65 gold pieces
  3106 | D:2      | Bought a potion of heal wounds for 65 gold pieces
  3182 | D:4      | Noticed Dowan
  3206 | D:4      | Noticed Duvessa
  3210 | D:4      | Killed Dowan
  3214 | D:4      | Gained mutation: You are agile. (Dex +4, Str/Int -1)
                  | [potion of mutation]
  3214 | D:4      | Gained mutation: You are frail. (-10% HP) [potion of
                  | mutation]
  3214 | D:4      | Gained mutation: You sometimes lose your temper in combat.
                  | [potion of mutation]
  3222 | D:4      | HP: 2/44 [Duvessa/+0 short sword (10)]
  3227 | D:4      | Slain by Duvessa

Illustrated notes

Levels and vault maps discovered:
D:1:      lightli_molten_gateway, layout_loops_ring
D:2:      layout_loops_ring, serial_shops, shop,
          hellmonk_ecumenical_altar_watching_god, basic_altar
D:3:      layout_loops_cross
D:4:      layout_cave_pods, nicolae_elyvilon_peaceful_grove, uniq_duvessa,
          uniq_menkaure

Skill      XL: |  1  2  3  4 |
---------------+-------------+-----
Polearms       | 3 4 5 |  5.8
Fighting       | |  3.0
Armour         | |  2.4
Shields        | |  2.6

Action                   |  1- 3 |  4- 6 || total
-------------------------+-------+-------++-------
Melee: Trident           |   110 |    96 ||   206
 Abil: Spit Poison       |    19 |    24 ||    43
  Use: Scroll            |       |     9 ||     9
       Potion            |       |     9 ||     9
Armor: Scale mail        |    39 |    19 ||    58
Dodge: Dodged            |    28 |    31 ||    59
Block: Buckler           |    23 |    16 ||    39
